 Dungeon Crawl Stone Soup version 0.28-a0-1412-gf95308ed99 (webtiles) character file.

Game seed: 6233015734156756008

65 croobank the Skirmisher (level 3, 0/29 HPs)
             Began as a Demonspawn Abyssal Knight on Jan 6, 2022.
             Was a Believer of Lugonu.
             Slain by an adder (1 damage)
             ... on level 3 of the Dungeon.
             The game lasted 00:06:02 (1643 turns).

croobank the Skirmisher (Demonspawn Abyssal Knight) Turns: 1643, Time: 00:06:03

Health: 0/29       AC:  3    Str: 13    XL:     3   Next: 94%
Magic:  5/5        EV: 11    Int: 13    God:    Lugonu [**....]
Gold:   49         SH:  0    Dex: 13    Spells: 2/2 levels left

rFire   . . .      SeeInvis .   a - +1 hand axe
rCold   . . .      Faith    .   (no shield)
rNeg    . . .      Spirit   .   b - +0 leather armour
rPois   .          Reflect  .   (no helmet)
rElec   .          Harm     .   (no cloak)
rCorr   .          Rampage  .   (no gloves)
Will    .....                   (no boots)
Stlth   +.........              (no amulet)
HPRegen 0.09/turn               (no ring)
MPRegen 0.09/turn               (no ring)

@: mighty, lethally poisoned (0 -> -5)
A: demonic touch 1
a: Renounce Religion, Depart the Abyss, Bend Space


You were on level 3 of the Dungeon.
You worshipped Lugonu.
Lugonu was pleased with you.
You visited 1 branch of the dungeon, and saw 3 of its levels.
You visited the Abyss 1 time.

You collected 49 gold pieces.

Inventory:

Hand Weapons
 a - a +1 hand axe (weapon)
Missiles
 g - 16 stones
 l - 25 sling bullets
Armour
 b - a +0 leather armour (worn)
 j - a +0 chain mail
Scrolls
 d - a scroll of amnesia
 i - a scroll of fear {unknown}
 k - a scroll of vulnerability {unknown}
Potions
 e - a potion of degeneration {unknown}
 f - 2 potions of lignification


   Skills:
 + Level 3.4 Fighting
 + Level 2.3 Axes
 + Level 2.3 Armour
 + Level 1.6 Dodging
 + Level 3.2 Invocations


You had 2 spell levels left.
You didn't know any spells.
Your spell library was empty.

Dungeon Overview and Level Annotations

Branches:
Dungeon (3/15)

Altars:


Innate Abilities, Weirdness & Mutations

Your touch may inflict minor irresistible damage on your foes.


Message History

The adder hisses angrily.
The bat closely misses you.
You completely miss the bat.
The bat is severely wounded.
The bat misses you.
You hit the bat.
You kill the bat!
Lugonu accepts your kill.
You barely miss the adder. The adder bites you but does no damage.
The adder bites you.
You are poisoned.
The adder poisons you!
You hit the adder. Your touch misses the adder.
The adder is lightly wounded.
You feel sick. The adder bites you.
You hit the adder.
The adder is heavily wounded.
You feel sick. The adder barely misses you. x2
You hit the adder but do no damage. Your touch misses the adder.
The adder is heavily wounded.
You feel sick. The adder bites you. x2
* * * LOW HITPOINT WARNING * * *
You are more poisoned.
The adder poisons you!
You closely miss the adder.
The adder is heavily wounded.
* * * LOW HITPOINT WARNING * * *
You feel sick. The adder bites you.
* * * LOW HITPOINT WARNING * * *
You are more poisoned.
The adder poisons you!
It was a potion of might.
You feel very mighty all of a sudden.
* * * LOW HITPOINT WARNING * * *
You feel sick. The adder closely misses you.
You closely miss the adder.
The adder is heavily wounded.
* * * LOW HITPOINT WARNING * * *
You feel sick. The adder closely misses you. The adder bites you.
You die...

##... .## .##### ..##
.... .# ..##########....
.# #.. ............ .###
#.###........$.. ...###
#...#........$..
.....####.#.............
.......##.##.....S......
##..##..........@.......
)....##....##...........
#†...####....†.†........
.###>.####.###..........
.###....##..####....#...
..##...÷.....###.#......
#....##..#....#.........
...#...#..........#..#.
##.....###..#.##.....#


You could see an adder.

Vanquished Creatures
  Terence (D:2)
  A worm (D:3)
  An orc (D:3)
  3 giant cockroaches
  3 hobgoblins
  5 kobolds (D:1)
  A quokka (D:1)
  3 ball pythons
  7 bats
  5 frilled lizards
  3 goblins (D:1)
  5 rats
38 creatures vanquished.

Notes
Turn   | Place    | Note
-------+----------+-------------------------------------------
     0 | Abyss:1  | croobank the Demonspawn Abyssal Knight began the quest for
                  | the Orb.
     0 | Abyss:1  | Reached XP level 1. HP: 18/18 MP: 2/2
    10 | Abyss:1  | Found a corrupted altar of Lugonu.
    24 | D:1      | Escaped the Abyss
   214 | D:1      | Reached skill level 1 in Dodging
   283 | D:1      | Found a faded altar of an unknown god.
   443 | D:1      | Gained mutation: Your touch may inflict minor irresistible
                  | damage on your foes. [demonic ancestry]
   443 | D:1      | Reached XP level 2. HP: 22/24 MP: 4/4
   702 | D:1      | Reached ** piety under Lugonu
  1162 | D:2      | You fall into a shaft and drop 1 floor!
  1200 | D:3      | Reached XP level 3. HP: 28/29 MP: 5/5
  1311 | D:3      | Noticed Terence
  1355 | D:2      | Killed Terence
  1643 | D:3      | HP: 1/29 [poisoned by an adder]
  1643 | D:3      | Slain by an adder

Illustrated notes

Levels and vault maps discovered:
D:1:      dpeg_arrival_rhombus, layout_basic,
          shapermc_ecumenical_altar_flowoftime
D:2:      layout_loops_ring, basic_altar, dk_noncrumbling_3,
          hangedman_decor_riveting, minmay_octomino_c4
D:3:      layout_rooms, uniq_terence

Skill      XL: |  1  2  3 |
---------------+----------+-----
Dodging        | 1 |  1.6
Axes           | 2 |  2.3
Armour         | 2 |  2.3
Invocations    | 3 |  3.2
Fighting       | |  3.4

Action                   || total
-------------------------++-------
Melee: Hand axe          ||   117
       Touch             ||    13
  Use: Scroll            ||     2
       Potion            ||     2
 Stab: Sleeping          ||     1
Armor: Leather armour    ||    33
Dodge: Dodged            ||    85

Table legend: (Time is in decaauts)
 A = Elapsed time spent in this place.
 B = Non-inter-level travel time spent in this place.
 C = Inter-level travel time spent in this place.
 D = Time resting spent in this place.
 E = Time spent auto-exploring this place.
 F = Levels seen in this place.
 G = Mean time per level.
                   A        B        C        D        E       F      G
               +--------+--------+--------+--------+--------+-----+--------+
         Total |   1667 |   1636 |     31 |    247 |    993 |   4 |  416.8 |
       Dungeon |   1643 |   1612 |     31 |    247 |    985 |   3 |  547.7 |
         Abyss |     24 |     24 |      0 |      0 |      8 |   1 |   24.0 |
               +--------+--------+--------+--------+--------+-----+--------+

Top non-repeatable levels by time:
     D:1: 1089 daAuts
     D:2: 287 daAuts
     D:3: 266 daAuts
 Abyss:1: 24 daAuts
